 Dungeon Crawl Stone Soup version 0.26-a0-393-g67388ea477 (webtiles) character file.

Game seed: 3775338752524687399

657843 Morbidden the Conqueror (level 27, 85/273 HPs)
             Began as a Minotaur Fighter on June 23, 2020.
             Was the Champion of Trog.
             Quit the game on level 4 of the Realm of Zot on July 22, 2020.
             The game lasted 03:23:50 (72228 turns).

Morbidden the Conqueror (Minotaur Fighter)         Turns: 72228, Time: 03:23:51

Health: 85/273     AC: 41    Str: 36    XL:     27
Magic:  31/31      EV: 26    Int:  5    God:    Trog [******]
Gold:   5983       SH: 24    Dex: 23    Spells: 26/26 levels left

rFire    + . .     SeeInvis +   a - +6 broad axe (elec)
rCold    + + .     Faith    .   X - +5 kite shield of Faotiumpi {rC+ rN+ Regen+ MP+9}
rNeg     + . .     Spirit   .   y - +9 gold dragon scales
rPois    +         Reflect  .   C - +0 hat of Elyvilon's Displeasure {Dex+7}
rElec    .         Harm     .   q - +2 cloak
rCorr    .         Rnd*Rage +   i - +2 pair of gloves {Str+3}
MR       +++++                  J - +0 pair of boots
Stlth    ..........             V - necklace of Bloodlust {*Rage +Rage MR++ Int-3 Slay+6 *Curse}
HPRegen  1.95/turn              u - ring "Doril" {EV+4 Dex+6}
MPRegen  0.22/turn              O - +4 ring of slaying

@: regenerating (expiring), studying Throwing
A: retaliatory headbutt, horns 2, talons 1, see invisible, clever 1
}: 3/15 runes: decaying, serpentine, silver
a: Berserk, Trog's Hand, Brothers in Arms, Renounce Religion, Evoke Berserk Rage


You were on level 4 of the Realm of Zot.
You worshipped Trog.
Trog was exalted by your worship.
You visited 12 branches of the dungeon, and saw 53 of its levels.
You visited the Abyss 1 time.
You also visited: Ice Cave and Volcano.

You collected 7939 gold pieces.
You spent 1956 gold pieces at shops.

Inventory:

Hand Weapons
 a - a +6 broad axe of electrocution (weapon)
 b - a +3 hand crossbow of flaming
 h - a +2 antimagic broad axe
 p - a +4 demon trident of electrocution
Missiles
 e - 1405 stones
 g - 11 javelins
 L - 27 boomerangs (quivered)
Armour
 i - a +2 pair of gloves of strength (worn)
 q - a +2 cloak (worn)
 y - +9 gold dragon scales (worn)
 C - the +0 hat of Elyvilon's Displeasure (worn) {Dex+7}
   (You found it on level 3 of the Depths)

   It affects your dexterity (+7).
 J - a +0 pair of boots (worn)
 X - the +5 kite shield of Faotiumpi (worn) {rC+ rN+ Regen+ MP+9}
   (You found it on level 5 of the Vaults)

   It protects you from cold.
   It protects you from negative energy.
   It affects your magic capacity (+9).
   It increases your rate of regeneration.
Jewellery
 u - the ring "Doril" (left hand) {EV+4 Dex+6}
   (You took it off a tengu warrior on level 2 of the Depths)

   [ring of evasion]

   It affects your evasion (+4).
   It affects your dexterity (+6).
 O - a +4 ring of slaying (right hand)
 V - the necklace of Bloodlust (around neck) {*Rage +Rage MR++ Int-3 Slay+6 *Curse}
   (You found it on level 1 of the Snake Pit)

   [amulet of nothing]

   It affects your intelligence (-3).
   It affects your accuracy and damage with ranged weapons and melee attacks
   (+6).
   It affects your resistance to hostile enchantments.
   It lets you go berserk.
   It may make you go berserk in combat.
   It curses itself when equipped.
Wands
 k - a wand of iceblast (48)
 w - a wand of polymorph (9)
 D - a wand of disintegration (31)
 I - a wand of clouds (13)
 K - a wand of acid (48)
 Y - a wand of digging (3)
Scrolls
 j - 26 scrolls of teleportation
 o - a scroll of summoning
 r - 20 scrolls of remove curse
 s - 12 scrolls of immolation
 t - 2 scrolls of fear
 z - a scroll of blinking
 B - a scroll of holy word
 U - 5 scrolls of magic mapping
 Z - a scroll of identify
Potions
 d - 9 potions of might
 m - 9 potions of heal wounds
 v - 3 potions of invisibility
 x - 6 potions of haste
 A - 3 potions of mutation
 F - 17 potions of curing
 G - 9 potions of flight
 N - 5 potions of resistance
 P - 5 potions of cancellation
 Q - 4 potions of berserk rage
 R - 3 potions of stabbing
 S - 7 potions of lignification
 T - 2 potions of magic
 W - 2 potions of ambrosia
Books
 l - a manual of Throwing
Miscellaneous
 c - the horn of Geryon
 n - 5 phantom mirrors
 E - 2 boxes of beasts
 H - a lightning rod (4/4)
 M - a tin of tremorstones (3/3)
Comestibles
 f - 54 removed foods


   Skills:
 O Level 27 Fighting
 + Level 24.4 Axes
 + Level 15.1 Crossbows
 * Level 16.6 Throwing
 + Level 19.1 Armour
 * Level 19.2 Dodging
 + Level 2.6 Stealth
 + Level 22.2 Shields
 * Level 16.7 Evocations


You had 26 spell levels left.
You didn't know any spells.
Your spell library was empty.

Dungeon Overview and Level Annotations

Branches:
Dungeon (15/15)            Temple (1/1) D:4            Lair (6/6) D:8
  Swamp (4/4) Lair:4        Snake (4/4) Lair:2        Slime (0/5) Lair:6
    Orc (2/2) D:9             Elf (3/3) Orc:2        Vaults (5/5) D:13
  Crypt (3/3) Vaults:2       Tomb (0/3) Crypt:3      Depths (5/5) D:15
   Hell (visited)             Dis (0/7) Hell            Coc (0/7) Hell
    Tar (0/7) Hell            Zot (3/5) Depths:5      IceCv (visited)
Volcano (visited)
    Geh: Hell:1

Altars:
Ashenzari
Cheibriados
Elyvilon
Fedhas
Gozag
Hepliaklqana
Kikubaaqudgha
Makhleb
Nemelex Xobeh
Okawaru
Qazlal
Ru
Sif Muna
Trog
Uskayaw
Vehumet
Wu Jian
Xom
Yredelemnul
Zin
The Shining One
Jiyva

Shops:
D:5 (   D:8 *   Orc:2 [!!*[   Snake:3 ?*=(   Vaults:2 }

Portals:
Hell: Depths:1 Depths:2 Depths:3 Depths:4 Depths:5
Abyss: Depths:3 Depths:4 Depths:5
Pandemonium: Depths:3
Ziggurat: Depths:2
Trove: D:14 (give 2 scrolls of acquirement)

Annotations:
D:5 Dowan, Duvessa
Lair:3 exclusion: oklob plant
Depths:2 exclusion: shining eye
Zot:4 1 transporter


Innate Abilities, Weirdness & Mutations

You reflexively headbutt those who attack you in melee.
You have a pair of horns on your head.
You have sharp toenails.
You have supernaturally acute eyesight. (SInv)
Your mind is acute. (Int +2)


Message History

You slash the red draconian!
You kill the red draconian!
Trog accepts your kill. Something appears at your feet!
Trog grants you a weapon!
You see here a glowing rapier {god gift}.
Unknown command.
Unknown command.
Unknown command.
Unknown command.
Save game and exit?
Level annotation: 1 transporter Welcome back, Morbidden the Minotaur Fighter.
Trog says: Kill them all!
Press ? for a list of commands and other information.
Unknown command.
Quiver which item? (- for none, * to show all) (? for menu, Esc to quit)
Okay, then.
Unknown command.
Are you sure you want to abandon this character and quit the game? (Confirm with "yes".)

###
##################...#
####.....................
...#.....[.)..))@...°....
.............)[..........
...########...####...###.
#### #...# ...# #####
..[# ...# ...# X..#


There were no monsters in sight!

Vanquished Creatures
  3 ancient liches
  Mara (Snake:4)
  3 juggernauts
  Sojobo (Vaults:2)
  Margery (Crypt:3)
  Bai Suzhen (Crypt:3)
  Vashnia (Snake:4)
  2 caustic shrikes
  Geryon (Hell)
  The ghost of Xeotuf the Brawler, a veteran TrMo of Hepliaklqana (Depths:3)
  2 curse toes
  6 golden dragons
  A profane servitor (Abyss:3)
  Nikola (Snake:4)
  2 bone dragons
  A hellephant (Hell)
  15 tentacled monstrosities
  An Ice Fiend (Depths:3)
  4 quicksilver dragons
  3 deep elf blademasters
  4 deep elf master archers (Elf:3)
  7 liches
  6 titans
  Kirke (D:15)
  6 ancient champions
  4 sphinxes
  4 death cobs
  Agnes (Elf:2)
  10 storm dragons
  13 tengu reavers
  3 revenants
  3 thorn hunters
  The ghost of Qeykil the Spry, an adept DrWz of Hepliaklqana (Snake:3)
  9 nagarajas
  8 shadow dragons
  10 frost giants
  3 draconian monks
  20 vault wardens
  A draconian knight (Zot:4)
  11 fire giants
  An orc warlord (Orc:1)
  A ghost moth (Zot:4)
  An iron dragon (Vaults:5)
  A cacodemon (Hell)
  2 draconian scorchers
  9 deep elf sorcerers
  3 draconian shifters
  Louise (Snake:1)
  Aizul (Snake:4)
  4 curse skulls
  A juggernaut zombie (Hell)
  A caustic shrike zombie (Hell)
  2 spriggan defenders
  3 deep elf elementalists (Elf:3)
  8 reapers
  6 ghouls
  3 draconian annihilators
  3 draconian stormcallers
  A war gargoyle (Hell)
  10 ironheart preservers
  24 stone giants
  20 very ugly things
  An entropy weaver (Vaults:1)
  2 vampire knights
  Nessos (D:13)
  13 deep elf demonologists
  6 green draconians
  9 black draconians
  11 deep elf annihilators
  10 red draconians
  4 purple draconians
  2 yellow draconians (Zot:4)
  8 white draconians
  4 spark wasps
  3 eidola
  6 deep elf death magi
  7 large abominations (Vaults:5)
  16 ettins
  2 blizzard demons
  A crystal guardian (Vaults:3)
  A merfolk javelineer (Depths:1)
  An ettin (shapeshifter) (Vaults:5)
  12 fire dragons
  A green death (Depths:3)
  Josephine (Lair:4)
  A kraken zombie (Hell)
  35 vault guards
  13 ice dragons
  10 jiangshi
  8 ogre magi
  10 great orbs of eyes
  15 yaktaur captains
  7 rakshasas
  4 deep elf high priests
  13 naga warriors
  31 hydras
  Harold (D:9)
  4 anacondas
  4 shambling mangroves
  6 centaur warriors
  3 spriggan air magi
  22 two-headed ogres
  3 death knights
  A catoblepas (Lair:4)
  36 dancing weapons
  3 death yaks (Lair:6)
  15 alligators
  11 deep troll shamans
  5 hell hogs (Hell)
  A merfolk aquamancer (Depths:3)
  A queen ant (shapeshifter) (Vaults:4)
  2 thrashing horrors (Abyss:3)
  7 orc high priests
  7 vampire magi
  13 naga sharpshooters
  4 deep troll earth magi
  7 tengu warriors
  7 shock serpents
  8 spriggan berserkers
  12 hell knights
  An iron golem (Hell)
  24 deep elf knights
  20 soul eaters
  A fire crab (shapeshifter) (Vaults:5)
  7 sun demons (Hell)
  3 salamander mystics
  24 skeletal warriors
  2 wretched stars
  A spatial maelstrom (Abyss:3)
  7 iron trolls
  A sea snake (Snake:3)
  A spark wasp zombie (Crypt:3)
  4 shadow wraiths
  33 deep trolls
  A spriggan druid (Swamp:2)
  2 wizards
  8 naga ritualists
  A lindwurm (Orc:2)
  An unseen horror (D:14)
  10 glowing orange brains
  A deep troll (shapeshifter) (Depths:1)
  8 swamp dragons
  25 deep elf archers
  A harpy (shapeshifter) (Depths:1)
  19 ironbrand convokers
  A lindwurm (shapeshifter) (Vaults:2)
  5 flayed ghosts
  A mana viper (shapeshifter) (Depths:4)
  4 phantasmal warriors
  7 orc knights
  2 anaconda skeletons (Hell)
  5 necromancers
  9 mana vipers
  50 ugly things
  An iron dragon zombie (Hell)
  A manticore (shapeshifter) (Vaults:5)
  2 human zombies
  A fire giant zombie (Hell)
  10 salamanders
  A worldbinder (Abyss:3)
  2 moths of wrath (shapeshifter)
  7 orc sorcerers
  A frost giant zombie (Hell)
  3 stone giant zombies
  7 cyclopes
  60 deep elf magi
  22 black mambas
  15 moths of wrath
  6 elephants (Lair:5)
  4 manticores
  Joseph (D:7)
  A stone giant skeleton (Vaults:2)
  12 vault sentinels
  A fire giant skeleton (Crypt:3)
  5 ice statues
  3 guardian serpents
  2 torpor snails
  17 eyes of devastation (Depths:2)
  3 gargoyles
  4 rust devils (Hell)
  23 cane toads
  27 naga magi
  A shock serpent zombie (Crypt:1)
  4 smoke demons
  A storm dragon simulacrum (Vaults:3)
  An elephant slug zombie (Crypt:1)
  A yaktaur zombie (Hell)
  5 spectral swamp worms (Depths:5)
  2 efreet
  2 spriggan zombies (Hell)
  9 freezing wraiths
  An anaconda simulacrum (Hell)
  6 rime drakes
  3 komodo dragons
  A redback zombie (D:15)
  A yellow draconian zombie (Crypt:1)
  59 yaktaurs
  5 guardian mummies (Crypt:3)
  15 ice devils
  2 tengu conjurers
  A yaktaur (shapeshifter) (Vaults:1)
  4 red devils
  A silent spectre (Depths:3)
  A grey draconian skeleton (Crypt:2)
  A shadow dragon simulacrum (Vaults:3)
  A human skeleton (Vaults:2)
  18 hornets
  A harpy zombie (Crypt:1)
  A wolf spider simulacrum (D:15)
  2 hydra skeletons (Hell)
  2 polar bears (Lair:6)
  6 trolls
  4 hornets (shapeshifter)
  14 tyrant leeches
  8 bog bodies
  A fire dragon zombie (Hell)
  21 blink frogs
  2 ice dragon zombies (Hell)
  38 slime creatures
  A meliai zombie (D:12)
  A tarantella zombie (Crypt:3)
  A harpy skeleton (D:15)
  3 raiju (Abyss:3)
  5 hippogriffs
  7 flying skulls
  A redback (Vaults:1)
  11 spriggans
  5 air elementals
  13 wraiths
  3 wyverns
  21 water elementals
  19 shadows
  A fire bat (shapeshifter) (Vaults:3)
  2 fire dragon skeletons (Hell)
  2 wind drake zombies (Crypt:2)
  6 fire elementals
  A human (shapeshifter) (Vaults:3)
  4 basilisks
  A yak (shapeshifter) (Elf:3)
  3 golden eyes (Depths:2)
  56 yaks
  7 hogs (D:15)
  3 removed hungry ghosts
  15 vampire mosquitoes
  3 spatial vortices (Abyss:3)
  39 nagas
  16 swamp worms
  9 wargs
  A tengu zombie (Hell)
  19 hell hounds
  An acid dragon (D:12)
  3 porcupines
  A floating eye (shapeshifter) (Depths:1)
  10 water moccasins
  A black bear (D:13)
  8 small abominations
  A deep troll skeleton (Vaults:3)
  A cane toad skeleton (Crypt:1)
  A black bear (shapeshifter) (Depths:3)
  28 orc warriors
  11 swamp drakes
  3 ice beasts
  An ettin simulacrum (Vaults:2)
  6 necrophages
  8 starcursed masses (Abyss:3)
  A hornet zombie (D:14)
  5 sky beasts
  21 ogres
  20 wolves
  31 boggarts
  2 phantoms
  11 centaurs
  A rime drake zombie (Crypt:1)
  11 crocodiles
  2 big kobolds
  A draconian zombie (Crypt:2)
  26 bullfrogs
  A draconian skeleton (Crypt:3)
  A yaktaur skeleton (Crypt:3)
  5 earth elementals
  A komodo dragon skeleton (Crypt:2)
  A cane toad simulacrum (Hell)
  2 scorpions
  A wyvern skeleton (D:7)
  23 killer bees
  4 troll zombies (D:9)
  A troll skeleton (Crypt:2)
  2 howler monkeys (D:8)
  9 electric eels
  2 crimson imps
  2 lava snakes (Snake:2)
  6 centaur zombies
  12 hounds
  36 orc priests
  5 bullfrog zombies
  7 jellies
  2 quasits
  3 bullfrog skeletons
  3 centaur skeletons
  5 iron imps (Hell)
  Jessica (D:2)
  31 orc wizards
  6 iguanas
  13 worker ants
  19 hell rats
  2 sky beast zombies
  4 ogre zombies (D:9)
  A naga skeleton (Hell)
  A hound skeleton (D:7)
  A hound zombie (D:6)
  7 mummies (Crypt:3)
  A worker ant zombie (D:9)
  A howler monkey skeleton (D:9)
  15 adders
  A swamp drake zombie (Crypt:1)
  4 shadow imps
  11 white imps
  4 ufetubi (IceCv)
  5 oozes
  An iguana zombie (Crypt:2)
  An adder skeleton (Crypt:1)
  An adder zombie (D:7)
  A halfling skeleton (Crypt:2)
  2 worms
  2 leopard geckos
  88 orcs
  8 bats
  6 giant cockroaches
  7 goblins
  11 hobgoblins
  3 jackals (D:3)
  3 quokkas
  3 ball pythons
  3 frilled lizards
  2 frilled lizard skeletons
  A goblin skeleton (D:9)
  4 goblin zombies (D:9)
  A hobgoblin skeleton (D:9)
  2 hobgoblin zombies (D:9)
  A jackal skeleton (Crypt:3)
  13 kobolds
  A leopard gecko skeleton (D:4)
  3 orc skeletons (D:9)
  14 orc zombies (D:9)
  A quokka skeleton (D:8)
  7 rats
  A river rat zombie (Crypt:1)
  23 briar patches
  6 crawling corpses
  7 fungi
  9 plants
  2 tentacles (Hell)
2507 creatures vanquished.

Vanquished Creatures (collateral kills)
  the Lernaean hydra (Swamp:4)
  Saint Roka (Snake:4)
  A tentacled monstrosity (Zot:4)
  A deep elf blademaster (Elf:3)
  7 nagarajas
  Donald (Swamp:4)
  2 deep elf sorcerers (Elf:3)
  A fire giant (Depths:5)
  A draconian stormcaller (Zot:4)
  A stone giant (Depths:1)
  A very ugly thing (Depths:5)
  An ettin (Depths:1)
  2 deep elf high priests (Elf:3)
  3 hydras
  A shambling mangrove (Swamp:4)
  3 vault guards (Vaults:5)
  2 naga warriors
  A soul eater (Crypt:1)
  3 naga sharpshooters (Snake:4)
  A spriggan (Swamp:4)
  A hell knight (Depths:5)
  A sixfirhy (Hell)
  A skeletal warrior (Crypt:1)
  2 salamander mystics
  2 naga ritualists
  4 swamp dragons (Swamp:4)
  4 ugly things (Depths:1)
  A necromancer (Hell)
  A black mamba (Snake:4)
  2 cane toads (Lair:6)
  4 naga magi
  2 hellions (Hell)
  A tyrant leech (Swamp:4)
  A slime creature (Swamp:4)
  3 blink frogs (Lair:6)
  A hornet (Swamp:4)
  A hippogriff (Lair:2)
  A bog body (Swamp:4)
  A flying skull (Crypt:3)
  A shadow (Crypt:1)
  4 yaks (Lair:6)
  6 nagas
  A swamp drake (Swamp:4)
  3 orc warriors
  2 bullfrogs (Lair:6)
  A wolf skeleton (Crypt:3)
  4 orc wizards
  An orc priest (Orc:2)
  8 hell rats
  7 orcs
  A river rat zombie (Crypt:3)
108 creatures vanquished.

Vanquished Creatures (others)
  A fire giant (Depths:2)
  A vampire mage (Depths:3)
  A deep elf knight (Elf:3)
  A hornet (Vaults:3)
  A human (Depths:3)
  3 white imps (IceCv)
  3 briar patches
  12 fungi
  82 plants
  6 tentacles (Hell)
111 creatures vanquished.

Grand Total: 2726 creatures vanquished

Notes
Turn   | Place    | Note
-------+----------+-------------------------------------------
     0 | D:1      | Morbidden the Minotaur Fighter began the quest for the Orb.
     0 | D:1      | Reached XP level 1. HP: 19/19 MP: 0/0
   105 | D:1      | Reached XP level 2. HP: 27/27 MP: 1/1
   532 | D:2      | Noticed Jessica
   538 | D:2      | Killed Jessica
   538 | D:2      | Reached skill level 4 in Fighting
   538 | D:2      | Reached XP level 3. HP: 32/33 MP: 2/2
   936 | D:2      | Reached XP level 4. HP: 40/40 MP: 3/3
  1269 | D:3      | Found a hazy altar of Hepliaklqana.
  1270 | D:3      | Found a shimmering altar of Xom.
  1271 | D:3      | Noticed a spectral ugly thing
  1468 | D:3      | Reached XP level 5. HP: 35/47 MP: 4/4
  1578 | D:3      | Found a glowing silver altar of Zin.
  1874 | D:4      | Reached skill level 1 in Throwing
  1874 | D:4      | Reached skill level 5 in Armour
  2272 | D:4      | Reached XP level 6. HP: 17/53 MP: 5/5
  2279 | D:4      | Reached skill level 5 in Axes
  3146 | D:4      | Found a staircase to the Ecumenical Temple.
  3155 | Temple   | Entered the Ecumenical Temple
  3284 | Temple   | Became a worshipper of Trog the Wrathful
  3467 | D:5      | Entered Level 5 of the Dungeon
  3490 | D:5      | Reached XP level 7. HP: 57/60 MP: 6/6
  3543 | D:5      | Reached skill level 5 in Fighting
  3649 | D:5      | Noticed Duvessa
  3650 | D:5      | Noticed Dowan
  3955 | D:5      | Found Ecsohuq's Weapon Emporium.
  4084 | D:5      | Found a white marble altar of Elyvilon.
  4398 | D:5      | Reached skill level 5 in Shields
  4667 | D:6      | Reached XP level 8. HP: 64/70 MP: 7/7
  4737 | D:6      | Found a white marble altar of Elyvilon.
  4779 | D:6      | Reached * piety under Trog
  4951 | D:6      | Reached skill level 6 in Fighting
  5270 | D:7      | Found an iron altar of Okawaru.
  5270 | D:7      | Found a hide-covered altar of Uskayaw.
  5279 | D:7      | Found an ornate altar of the Wu Jian Council.
  5281 | D:7      | Found a sparkling altar of Nemelex Xobeh.
  5285 | D:7      | Found a stormy altar of Qazlal.
  5286 | D:7      | Found a white marble altar of Elyvilon.
  5519 | D:7      | Reached XP level 9. HP: 78/78 MP: 8/8
  5544 | D:7      | Noticed Joseph
  5559 | D:7      | Killed Joseph
  5887 | D:8      | Noticed a komodo dragon
  5894 | D:8      | Killed a komodo dragon
  5894 | D:8      | Reached skill level 10 in Axes
  5967 | D:8      | Reached skill level 7 in Fighting
  5969 | D:8      | Found Ogelef's Assorted Antiques.
  5982 | D:8      | Reached ** piety under Trog
  5986 | D:8      | Noticed a troll
  5996 | D:8      | Killed a troll
  6105 | D:8      | Reached XP level 10. HP: 43/86 MP: 9/9
  6418 | D:8      | Found a staircase to the Lair.
  6626 | D:9      | Found a staircase to the Orcish Mines.
  6641 | D:9      | Reached *** piety under Trog
  6664 | D:9      | Reached skill level 8 in Fighting
  6999 | D:9      | Noticed Harold
  7013 | D:9      | Killed Harold
  7016 | D:9      | Noticed a two-headed ogre
  7064 | D:9      | Killed a two-headed ogre
  7064 | D:9      | Reached skill level 10 in Armour
  7078 | D:9      | Reached skill level 9 in Fighting
  7299 | D:9      | Reached XP level 11. HP: 97/97 MP: 10/10
  7304 | D:9      | Reached **** piety under Trog
  7811 | D:10     | Entered Level 10 of the Dungeon
  7889 | D:10     | Noticed a two-headed ogre
  7900 | D:10     | Killed a two-headed ogre
  8266 | D:10     | Reached skill level 1 in Dodging
  8672 | D:11     | Noticed a white ugly thing
  8674 | D:11     | Noticed a seven-headed hydra
  8714 | D:11     | Reached skill level 1 in Evocations
  8889 | D:11     | Killed an eight-headed hydra
  8953 | D:11     | Reached skill level 10 in Fighting
  9075 | D:11     | Killed a white ugly thing
  9117 | D:11     | Noticed a white ugly thing
  9131 | D:11     | Killed a white ugly thing
  9131 | D:11     | Reached skill level 15 in Axes
  9485 | D:11     | Reached XP level 12. HP: 96/106 MP: 12/12
  9666 | D:12     | Reached ***** piety under Trog
  9793 | D:12     | Noticed a six-headed hydra
  9803 | D:12     | Killed a seven-headed hydra
  9937 | D:12     | Found a blossoming altar of Fedhas.
  9991 | D:12     | Reached skill level 1 in Stealth
 10205 | D:12     | Received a gift from Trog
 10698 | Lair:1   | Entered Level 1 of the Lair of Beasts
 11512 | Lair:2   | Found a staircase to the Snake Pit.
 11706 | Lair:2   | Noticed a four-headed hydra
 11717 | Lair:2   | Killed a four-headed hydra
 12730 | Lair:3   | Reached skill level 11 in Fighting
 13013 | Lair:3   | Noticed a five-headed hydra
 13022 | Lair:3   | Killed a five-headed hydra
 13061 | Lair:3   | Reached skill level 5 in Dodging
 13061 | Lair:3   | Noticed an eight-headed hydra
 13069 | Lair:3   | Killed a ten-headed hydra
 13076 | Lair:3   | Reached XP level 13. HP: 109/116 MP: 13/15
 13670 | Lair:4   | Found a staircase to the Swamp.
 13829 | Lair:4   | Noticed Josephine
 13840 | Lair:4   | Killed Josephine
 14383 | Lair:4   | Identified the +8 plate armour of Meckuif {Harm rC+} (You
                  | found it on level 4 of the Lair of Beasts)
 15045 | Lair:5   | Reached skill level 5 in Evocations
 15049 | Lair:5   | Reached skill level 12 in Fighting
 15406 | Lair:6   | Entered Level 6 of the Lair of Beasts
 15646 | Lair:6   | Reached skill level 10 in Shields
 15981 | Lair:6   | Reached XP level 14. HP: 127/127 MP: 17/17
 16203 | Lair:6   | Reached skill level 13 in Fighting
 16446 | Lair:6   | Reached skill level 5 in Throwing
 16723 | Lair:6   | Identified the +2 buckler "Zeasiap" {*Drain rPois rN+
                  | Str+2} (You found it on level 6 of the Lair of Beasts)
 16868 | Lair:6   | Found a runed translucent door.
 16868 | Lair:6   | Found a viscous altar of Jiyva.
 16869 | Lair:6   | Found a staircase to the Slime Pits.
 16874 | Lair:6   | Received a gift from Trog
 17582 | D:13     | Found a gate to the Vaults.
 17760 | D:13     | Noticed Nessos
 17770 | D:13     | Killed Nessos
 18602 | D:14     | Found a shattered altar of Ashenzari.
 18734 | D:14     | Found a portal to a secret trove of treasure.
 19021 | D:14     | Reached skill level 14 in Fighting
 19558 | D:14     | Upgraded the game from 0.26-a0-110-g95b6527cb0 to
                  | 0.26-a0-111-g8f6dc4e0a5
 19891 | D:14     | Received a gift from Trog
 20307 | D:14     | Found a white marble altar of Elyvilon.
 20715 | D:15     | Entered Level 15 of the Dungeon
 20746 | D:15     | Reached XP level 15. HP: 111/138 MP: 19/19
 21140 | D:15     | Found a shimmering altar of Xom.
 21145 | D:15     | Found a shimmering altar of Xom.
 21188 | D:15     | Noticed Kirke
 21210 | D:15     | Killed Kirke
 21774 | Orc:1    | Entered Level 1 of the Orcish Mines
 22094 | Orc:2    | Entered Level 2 of the Orcish Mines
 22098 | Orc:2    | Found Buadops's Antique Armour Boutique.
 22114 | Orc:2    | Bought a pair of runed gloves for 232 gold pieces
 22126 | Orc:2    | Found a staircase to the Elven Halls.
 22208 | Orc:2    | Found a dark tunnel.
 22220 | Orc:2    | Gained mutation: You have sharp toenails. [potion of
                  | mutation]
 22220 | Orc:2    | Gained mutation: You have supernaturally acute eyesight.
                  | (SInv) [potion of mutation]
 22220 | Orc:2    | Gained mutation: Your mind is acute. (Int +2) [potion of
                  | mutation]
 22225 | Volcano  | Entered a volcano
 22526 | Orc:2    | Received a gift from Trog
 22704 | Orc:2    | Reached skill level 15 in Fighting
 23409 | Orc:2    | Found Taeria's Assorted Antiques.
 23409 | Orc:2    | Found Giudist's Distillery.
 23410 | Orc:2    | Found Votunk's Distillery.
 23413 | Orc:2    | Found Heelyduod's Armour Shoppe.
 23416 | Orc:2    | Bought a scroll of enchant armour for 255 gold pieces
 23419 | Orc:2    | Bought a potion of heal wounds for 70 gold pieces
 23419 | Orc:2    | Bought a potion of resistance for 140 gold pieces
 23419 | Orc:2    | Bought a potion of resistance for 140 gold pieces
 24019 | Orc:1    | Received a gift from Trog
 24102 | Orc:1    | Noticed an orc warlord
 24122 | Orc:1    | Killed an orc warlord
 24309 | Orc:1    | Reached ****** piety under Trog
 24557 | Swamp:1  | Entered Level 1 of the Swamp
 24594 | Swamp:1  | Identified the +6 great mace "Jaluxea" {venom, rC++ MR+}
                  | (You found it on level 1 of the Swamp)
 24759 | Swamp:1  | Upgraded the game from 0.26-a0-111-g8f6dc4e0a5 to
                  | 0.26-a0-113-gd8a95b691d
 25094 | Swamp:1  | Received a gift from Trog
 25356 | Swamp:1  | Reached XP level 16. HP: 150/150 MP: 21/21
 25595 | Swamp:2  | Reached skill level 10 in Dodging
 26052 | Swamp:2  | Reached skill level 16 in Fighting
 26547 | Swamp:3  | Noticed a thorn hunter
 26566 | Swamp:3  | Killed a thorn hunter
 26823 | Swamp:3  | Noticed a thorn hunter
 26835 | Swamp:3  | Killed a thorn hunter
 27349 | Swamp:4  | Entered Level 4 of the Swamp
 27407 | Swamp:4  | Received a gift from Trog
 27531 | Swamp:4  | Noticed a thorn hunter
 27550 | Swamp:4  | Killed a thorn hunter
 27710 | Swamp:4  | Noticed the 27-headed Lernaean hydra
 27928 | Snake:1  | Entered Level 1 of the Snake Pit
 28187 | Snake:1  | Found a transporter.
 28190 | Snake:1  | Found the cursed necklace of Bloodlust {*Rage +Rage MR++
                  | Int-3 Slay+6 *Curse}
 28191 | Snake:1  | Found a radiant altar of Vehumet.
 28412 | Snake:1  | Reached XP level 17. HP: 132/160 MP: 22/22
 28547 | Snake:1  | Found a transporter.
 28611 | Snake:1  | Reached skill level 17 in Fighting
 28759 | Snake:1  | Noticed Louise
 28770 | Snake:1  | Killed Louise
 29364 | Snake:1  | Received a gift from Trog
 29900 | Snake:2  | Found a frozen archway.
 30047 | IceCv    | Entered an ice cave
 30700 | IceCv    | Got an ichor-stained demon blade
 30701 | IceCv    | Identified the +6 demon blade of Freehold {protect,
                  | *Corrode rN+ Stlth+} (You found it in an ice cave)
 30717 | IceCv    | Got fine ice dragon scales
 30728 | IceCv    | Identified the cursed +1 ice dragon scales "Ipsoub" {rElec
                  | rPois rF- rC++ Int+4} (You found it in an ice cave)
 33091 | Snake:3  | Found Suometre's Weapon Shop.
 33091 | Snake:3  | Found Podargh's Jewellery Shop.
 33165 | Snake:3  | Bought a +3 hand crossbow of flaming for 279 gold pieces
 33288 | Snake:3  | Received a gift from Trog
 33617 | Snake:3  | Found Tecrov's Magic Scroll Boutique.
 33620 | Snake:3  | Found Kalon's Assorted Antiques.
 33640 | Snake:3  | Bought a scroll of enchant weapon for 120 gold pieces
 33640 | Snake:3  | Bought a scroll of enchant weapon for 120 gold pieces
 33727 | Snake:3  | Reached skill level 1 in Crossbows
 33789 | Snake:3  | Reached skill level 10 in Evocations
 33898 | Snake:3  | Found a runed translucent door.
 33898 | Snake:3  | Noticed Qeykil's ghost (adept DrWz)
 34025 | Snake:3  | Killed Qeykil's ghost
 34036 | Snake:3  | Identified the +2 glaive "Owav" {vorpal, *Slow rPois Int+5}
                  | (You found it on level 3 of the Snake Pit)
 34085 | Snake:4  | Entered Level 4 of the Snake Pit
 34088 | Snake:4  | Noticed Saint Roka
 34095 | Snake:4  | Noticed Vashnia
 34109 | Snake:4  | Killed Vashnia
 34119 | Snake:4  | Killed Saint Roka
 34411 | Snake:4  | Noticed Mara
 34415 | Snake:4  | Noticed Morbidden's illusion
 34417 | Snake:4  | Noticed Nikola
 34427 | Snake:4  | Killed Nikola
 34433 | Snake:4  | Reached XP level 18. HP: 114/171 MP: 24/24
 34442 | Snake:4  | Reached skill level 18 in Fighting
 34449 | Snake:4  | Noticed Morbidden's illusion
 34460 | Snake:4  | Received a gift from Trog
 34464 | Snake:4  | Killed Mara
 35853 | Snake:4  | Noticed Aizul
 35871 | Snake:4  | Killed Aizul
 36271 | Snake:4  | Got a serpentine rune of Zot
 36708 | Vaults:1 | Entered Level 1 of the Vaults
 37138 | Vaults:1 | Received a gift from Trog
 37239 | Vaults:1 | Reached skill level 15 in Armour
 37525 | Vaults:1 | Reached skill level 5 in Crossbows
 38297 | Vaults:1 | Received a gift from Trog
 38331 | Vaults:1 | Reached XP level 19. HP: 181/181 MP: 26/26
 38341 | Vaults:1 | Reached skill level 19 in Fighting
 38554 | Vaults:2 | Noticed Sojobo
 38577 | Vaults:2 | Killed Sojobo
 38853 | Vaults:2 | Reached skill level 15 in Shields
 40010 | Vaults:2 | Found a staircase to the Crypt.
 40010 | Vaults:2 | Found a basalt altar of Yredelemnul.
 40011 | Vaults:2 | Found an ancient bone altar of Kikubaaqudgha.
 40104 | Vaults:2 | Found Nantuen's Gadget Shoppe.
 40114 | Vaults:2 | Bought a wand of clouds (6) for 600 gold pieces
 40397 | Vaults:2 | Reached skill level 10 in Crossbows
 40602 | Vaults:3 | Received a gift from Trog
 40637 | Vaults:3 | Cast into level 3 of the Abyss (vault warden)
 40728 | Abyss:3  | Paralysed by accursed screaming for 1 turns
 40800 | Abyss:3  | Noticed a profane servitor
 40811 | Abyss:3  | Killed a profane servitor
 40813 | Vaults:3 | Escaped the Abyss
 41522 | Vaults:3 | Received a gift from Trog
 41697 | Vaults:3 | Reached skill level 20 in Fighting
 42328 | Vaults:3 | Reached XP level 20. HP: 193/193 MP: 27/27
 42889 | Vaults:3 | Received a gift from Trog
 44247 | Vaults:4 | Received a gift from Trog
 44498 | Vaults:4 | Identified the +8 arbalest of Tartarus {venom, MR+++ Int+3
                  | Dex-4} (You found it on level 4 of the Vaults)
 45170 | Crypt:1  | Entered Level 1 of the Crypt
 45238 | Crypt:1  | Received a gift from Trog
 46408 | Crypt:1  | Reached skill level 21 in Fighting
 46551 | Crypt:1  | Reached XP level 21. HP: 204/204 MP: 29/29
 47156 | Crypt:2  | Received a gift from Trog
 47196 | Crypt:2  | Found an ancient bone altar of Kikubaaqudgha.
 48408 | Crypt:3  | Entered Level 3 of the Crypt
 48430 | Crypt:3  | Noticed Bai Suzhen
 48441 | Crypt:3  | Killed Bai Suzhen
 48531 | Crypt:3  | Noticed Margery
 48548 | Crypt:3  | Killed Margery
 49313 | Crypt:3  | Noticed a curse toe
 49832 | Crypt:3  | Killed a curse toe
 49847 | Crypt:3  | Received a gift from Trog
 50138 | Crypt:3  | Found a staircase to the Tomb.
 50317 | Crypt:3  | Noticed an ancient lich
 50493 | Crypt:3  | Killed an ancient lich
 50518 | Crypt:3  | Identified the +4 hunting sling of Isaxo {freeze, rC+ rN+
                  | Int+7 Dex-2} (You found it on level 3 of the Crypt)
 50871 | Elf:1    | Entered Level 1 of the Elven Halls
 51093 | Elf:1    | Reached skill level 15 in Dodging
 51196 | Elf:1    | Reached skill level 22 in Fighting
 51211 | Elf:1    | Reached XP level 22. HP: 210/215 MP: 30/30
 51215 | Elf:1    | Received a gift from Trog
 52746 | Elf:2    | Received a gift from Trog
 53029 | Elf:2    | Found a huge runed translucent gate.
 53029 | Elf:2    | Found a huge runed translucent gate.
 53029 | Elf:2    | Found a huge runed translucent gate.
 53029 | Elf:2    | Found a huge runed translucent gate.
 53029 | Elf:2    | Found a huge runed translucent gate.
 53120 | Elf:2    | Noticed Agnes
 53131 | Elf:2    | Killed Agnes
 53568 | Elf:3    | Entered Level 3 of the Elven Halls
 53579 | Elf:3    | Received a gift from Trog
 54490 | Elf:3    | Identified the +8 halberd of Okawaru's Generosity {holy,
                  | rElec}
 54652 | Elf:3    | Identified the cursed +1 quarterstaff of the Equator
                  | {flame, +Fly rF+ Str+4}
 54654 | Elf:3    | Identified the cursed +2 battleaxe "Gasagauv" {vorpal,
                  | *Corrode +Fly rPois Int+5}
 54665 | Elf:3    | Reached skill level 23 in Fighting
 54666 | Elf:3    | Identified the +7 scimitar of a volcano {vorpal, +Inv}
 54666 | Elf:3    | Identified the +0 robe "Put-Me-On" {rElec rF++ Dex+3
                  | Stlth-}
 54681 | Elf:3    | Received a gift from Trog
 54793 | Elf:3    | Identified the +0 cloak of Hoixzour {Harm rC+ Str+4 Stlth+}
                  | (You found it on level 3 of the Elven Halls)
 54945 | Elf:3    | Reached XP level 23. HP: 226/226 MP: 32/32
 55478 | Swamp:4  | Killed the 27-headed Lernaean hydra
 55528 | Swamp:4  | Noticed Donald
 55556 | Swamp:4  | Killed Donald
 55994 | Swamp:4  | Got a decaying rune of Zot
 56848 | D:15     | Found a staircase to the Depths.
 56878 | Depths:1 | Entered Level 1 of the Depths
 57356 | Depths:1 | Noticed a juggernaut
 57360 | Depths:1 | Received a gift from Trog
 57371 | Depths:1 | Killed a juggernaut
 57762 | Depths:1 | Upgraded the game from 0.26-a0-113-gd8a95b691d to
                  | 0.26-a0-163-g6c8a0bf695
 57884 | Depths:1 | Paralysed by a floating eye for 4 turns
 57902 | Depths:1 | Reached skill level 15 in Crossbows
 58059 | Depths:1 | Noticed a caustic shrike
 58069 | Depths:1 | Killed a caustic shrike
 58144 | Depths:1 | Identified the +10 quarterstaff of the Hand {vorpal, *Drain
                  | rElec Str+8 Stlth+}
 58174 | Depths:1 | Noticed a juggernaut
 58185 | Depths:1 | Killed a juggernaut
 58404 | Depths:1 | Found a gateway to Hell.
 58991 | Depths:2 | Received a gift from Trog
 59084 | Depths:2 | Found a gateway to a ziggurat.
 59892 | Depths:2 | Reached skill level 24 in Fighting
 59919 | Depths:2 | Identified the ring "Doril" {EV+4 Dex+6}
 59925 | Depths:2 | Reached XP level 24. HP: 211/238 MP: 22/22
 60371 | Depths:2 | Identified The Arcane Secrets of Witchcraft
 61089 | Depths:3 | Received a gift from Trog
 61275 | Depths:3 | Identified a scroll of acquirement
 61290 | Depths:3 | Reached skill level 10 in Throwing
 61516 | Depths:3 | Found a runed translucent gate.
 61516 | Depths:3 | Found a runed translucent gate.
 61516 | Depths:3 | Found a runed translucent gate.
 61517 | Depths:3 | Noticed Xeotuf's ghost (veteran TrMo)
 61518 | Depths:3 | Identified the +7 battleaxe "Pusop" {drain, rElec rF+
                  | Dex+2}
 61543 | Depths:3 | Found a one-way gate to the infinite horrors of the Abyss.
 62050 | Depths:3 | Found a one-way gate leading to the halls of Pandemonium.
 62087 | Depths:3 | Found a runed door.
 62090 | Depths:3 | You fall into a shaft and drop 2 floors!
 62090 | Depths:5 | Entered Level 5 of the Depths
 62300 | Depths:4 | Found a shattered altar of Ashenzari.
 62498 | Depths:4 | Received a gift from Trog
 63042 | Depths:3 | Noticed an ancient lich
 63056 | Depths:3 | Killed an ancient lich
 63101 | Depths:3 | Identified the +1 cloak of the World {MR+} (You found it on
                  | level 3 of the Depths)
 63103 | Depths:3 | Identified the cursed -4 cloak of the Invisible Hand {rF+}
                  | (You found it on level 3 of the Depths)
 63823 | Depths:3 | Killed Xeotuf's ghost
 64012 | Depths:3 | Identified the cursed +0 hat of Elyvilon's Displeasure
                  | {Dex+7} (You found it on level 3 of the Depths)
 64716 | Depths:4 | Noticed a juggernaut
 64728 | Depths:4 | Killed a juggernaut
 64728 | Depths:4 | Reached skill level 15 in Evocations
 64788 | Depths:4 | Reached XP level 25. HP: 248/248 MP: 22/22
 64807 | Depths:4 | Received a gift from Trog
 64816 | Depths:4 | Reached skill level 25 in Fighting
 64859 | Depths:4 | Got a glittering silver ring
 64860 | Depths:4 | Identified the ring of Discretion {+Fly rPois rN+ Int+3
                  | Slay+2} (You found it on level 4 of the Depths)
 65194 | Depths:4 | Upgraded the game from 0.26-a0-163-g6c8a0bf695 to
                  | 0.26-a0-284-g73c0fb6129
 65658 | Depths:5 | HP: 1/253 [hell knight/bolt of fire (18)]
 66329 | Depths:5 | Found a gate to the Realm of Zot.
 66334 | Depths:5 | Reached skill level 26 in Fighting
 67773 | Vaults:5 | Entered Level 5 of the Vaults
 67779 | Vaults:5 | Received a gift from Trog
 67827 | Vaults:5 | Noticed an ancient lich
 67842 | Vaults:5 | Reached XP level 26. HP: 264/264 MP: 22/22
 67843 | Vaults:5 | Killed an ancient lich
 67844 | Vaults:5 | Reached skill level 27 in Fighting
 67863 | Vaults:5 | Received a gift from Trog
 68578 | Vaults:5 | Got a vibrating bronze ring
 68580 | Vaults:5 | Identified the ring "Foegh" {+Fly rN+ MR- EV+4 Str+2 Dex+3}
                  | (You found it on level 5 of the Vaults)
 68748 | Vaults:5 | Got a bloodstained kite shield
 68760 | Vaults:5 | Identified the +5 kite shield of Faotiumpi {rC+ rN+ Regen+
                  | MP+9} (You found it on level 5 of the Vaults)
 68844 | Vaults:5 | Got a silver rune of Zot
 68847 | Vaults:5 | Reached XP level 27. HP: 273/273 MP: 22/22
 68877 | Vaults:5 | Got a glittering copper ring
 68884 | Vaults:5 | Identified the ring of Kiyr {*Tele +Blink +Fly MP+9 Dex-4}
                  | (You found it on level 5 of the Vaults)
 69196 | Vaults:5 | Found the +8 longbow "Zephyr" {speed, Dex+3 SInv}
 69690 | Hell     | Entered the Vestibule of Hell
 69690 | Hell     | Noticed Geryon
 69727 | Hell     | Reached skill level 15 in Throwing
 69747 | Hell     | Killed Geryon
 69747 | Hell     | Received a gift from Trog
 69883 | Hell     | Found a gateway to the freezing wastes of Cocytus.
 69944 | Hell     | Found a gateway to the Iron City of Dis.
 70042 | Hell     | Found a gateway to the decaying netherworld of Tartarus.
 70144 | Hell     | Upgraded the game from 0.26-a0-284-g73c0fb6129 to
                  | 0.26-a0-393-g67388ea477
 70274 | Zot:1    | Entered Level 1 of the Realm of Zot
 70309 | Zot:1    | Received a gift from Trog
 71843 | Zot:3    | You fall into a shaft and drop 1 floor!
 71933 | Zot:4    | Paralysed by a Zot trap for 4 turns
 72078 | Zot:4    | Found a transporter.
 72227 | Zot:4    | Received a gift from Trog
 72228 | Zot:4    | Quit the game

Illustrated notes

Levels and vault maps discovered:
D:1:      erik_arrival_orb_chamber, layout_rooms
D:2:      layout_basic, uniq_jessica
D:3:      layout_loops_cross, regret_index_temple_of_mockery, zin_statuary,
          st_stairs_4, grunt_ministairs_15
D:4:      layout_basic, temple_green, kennysheep_generic_room_9
D:5:      layout_loops_corners, basic_altar, first_ration, serial_shops,
          nicolae_shop_trees, uniq_duvessa
D:6:      layout_rooms, basic_altar
D:7:      layout_rooms, minitemple, minmay_quadrilaterals, uniq_joseph
D:8:      layout_rooms, erik_lair_island, serial_shops, shop
D:9:      layout_loops_ring, zombieorc2_lemuel, blue_anna_alchemist
          [blue_anna_fruit_fields, blue_anna_fruit_fields], water_boxes_lemuel,
          uniq_harold
D:10:     layout_cave_pods
D:11:     layout_cross
D:12:     layout_loops_corners, fedhas_altar_2
D:13:     layout_irregular_city, lightli_vaults_fourway_checkpoint, uniq_nessos
D:14:     layout_basic, bh_walls_and_bars, enter_trove_6,
          hangedman_feature_mirror, chequers_serial_rivers_micro_d,
          kennysheep_generic_room_8
D:15:     grunt_enter_depths_hoard, layout_rooms, nrook_mini_vaults,
          xom_shifter_show, uniq_kirke
Temple:   oiseaux_autumnal_temple
Lair:1:   layout_concentric_octagons, nicolae_quartered_pool_medium,
          serial_bayou_shore_a
Lair:2:   layout_big_grid, guppyfry_snake_entry_island, roderic_carrion_pond,
          grunt_megastairs_3
Lair:3:   layout_regular_city, infiniplex_staircase_pool, grunt_megastairs_5,
          minmay_lair_oklob_chamber
Lair:4:   layout_loops_ring, minmay_swamp_entry_worms, minivault_25,
          minmay_lair_drake_nest, uniq_josephine
Lair:5:   layout_roguey, serial_bayou_pond_d
Lair:6:   minmay_lair_end_frog_pond, layout_gridlike, slime_altar_2,
          serial_bayou, serial_bayou_lagoon_a, serial_bayou_pond_a,
          serial_bayou_pond_d, serial_bayou_pond_e
Swamp:1:  layout_basic_swamp, serial_swamp_ruin, hangedman_swamp_ruin_wall,
          evilmike_swamp_ruin_house_3, evilmike_swamp_ruin_rubble_1
Swamp:2:  layout_basic_swamp, nicolae_swamp_round_clearing
Swamp:3:  layout_falls_marsh, evilmike_swamp_ruin_house_5
Swamp:4:  swamp_old_school, layout_basic_swamp, uniq_donald
Snake:1:  gammafunk_sealed_library, layout_chambers, lemuel_fruit_tree,
          uniq_louise
Snake:2:  layout_cave_shapes, portal_ice_cave_entry_ice_statue_two,
          st_stairs_14, drop_trap, nicolae_snake_lava_pool
Snake:3:  layout_rooms, serial_shops, shop, shop, nicolae_shop_crystal, shop,
          ebering_ghost_inner_flame, minmay_snake_pond
Snake:4:  snake_pit, layout_rooms, uniq_vashnia, uniq_nikola, uniq_mara,
          uniq_aizul, uniq_saint_roka
Orc:1:    cheibrodos_orc_bank, layout_diamond_mine
Orc:2:    st_orc_mages, layout_caves, serial_shops, shop,
          nicolae_volcano_entry_vermiform
Elf:1:    eino_elf_arrival_customs, layout_geoelf_grid, minivault_28,
          minivault_23, grunt_megastairs_2
Elf:2:    layout_geoelf_diagonals, uniq_agnes
Elf:3:    minmay_elf_hall_furrowed, layout_gridlike, serial_glass,
          glass_columns_a, glass_columns_a, glass_columns_c, glass_columns_b,
          glass_columns_a, glass_columns_c, glass_columns_b, glass_columns_a,
          glass_columns_c, glass_columns_a, glass_columns_b, glass_columns_a,
          glass_columns_a, glass_columns_a
Vaults:1: nicolae_vaults_little_squares_2, nicolae_vaults_big_angled_halls,
          nicolae_vaults_circle_grid_b, nicolae_vaults_triangles,
          nicolae_vaults_stairing_the_circle, v_misc_15,
          nicolae_vaults_little_squares_1, vaults_room_grunt_arrival_checkpoint,
          ontoclasm_vaults_twist, nicolae_vaults_alarming, serial_ice_h,
          layout_vaults_ring
Vaults:2: vaults_mumra_lcd, nicolae_vaults_network_quincunx
          [nicolae_vaults_network_quincunx_subvault,
          nicolae_vaults_network_quincunx_subvault,
          nicolae_vaults_network_quincunx_subvault,
          nicolae_vaults_network_quincunx_subvault,
          nicolae_vaults_network_quincunx_subvault],
          minmay_crypt_entry_necro_gods, vaults_mumra_minichess_inversion,
          hangedman_vaults_capsules, vaults_mumra_minichess, v_misc_25,
          hangedman_vaults_trim, layout_vaults_omnigrid, serial_shops,
          nicolae_shop_waterfront, uniq_sojobo
Vaults:3: nicolae_vaults_twisting_passages, nicolae_vaults_big_ls,
          vaults_room_boxed, v_misc_9, nicolae_vaults_big_angled_halls,
          nicolae_vaults_puzzle_piece, vaults_dpeg_hooks,
          ontoclasm_vaults_ligature, v_misc_29, nicolae_vaults_big_angled_halls,
          st_more_cells, ontoclasm_vaults_misaligned, grunt_vaults_hallway_long,
          nicolae_vaults_shelves_hall, vaults_dpeg_encased_lava,
          layout_vaults_omnibox
Vaults:4: nicolae_vaults_yaktaur_gun_rack, v_rooms_6, vaults_room_semicircle,
          nicolae_vaults_three_branches, nicolae_vaults_sealed_display,
          v_pattern_4, v_misc_19, ontoclasm_vaults_misaligned,
          layout_vaults_maze_snakey
Vaults:5
Crypt:1:  minmay_shadows, layout_gridlike, minivault_27, st_stairs_14,
          grunt_crypt_arrival_webbed, grunt_megastairs_1
Crypt:2:  layout_catacombs, basic_altar
Crypt:3:  david_glass_crypt, layout_rooms, nicolae_tomb_entry_grand_gallery,
          uniq_margery, uniq_bai_suzhen
Depths:1: minmay_the_grid_triangle_9x9_rhombus_thin
          [minmay_the_grid_triangle_9x9_limited_checkers,
          minmay_the_grid_triangle_9x9_prize_insulated,
          minmay_the_grid_triangle_9x9_steps,
          minmay_the_grid_triangle_9x9_swiss_cheese], layout_gridlike,
          serial_bayou_ford_a, hangedman_coc_ice_floe, corexii_leaking_fountain,
          drop_trap, nzn_random_ring
Depths:2: minmay_eyes, layout_gridlike, enter_ziggurat_c, hell_entry,
          chequers_serial_rivers_marsh, lightli_fourway_metalbox
Depths:3: evilmike_wizard_prison, layout_gridlike, hell_entry, pan_entry,
          kennysheep_doodads, gammafunk_ghost_tricky_traps, abyss_entry
Depths:4: minmay_tile_spiral, layout_basic,
          nicolae_abyss_entry_one_way_or_another, hell_entry,
          nicolae_ashenzari_panopticon, drop_trap,
          infiniplex_staircase_hallway_doors
Depths:5: grunt_zot_entry_gee_three, layout_gridlike, abyss_entry,
          pf_hell_entry_tar_river, chequers_serial_rivers_small_b
Hell
Zot:1:    layout_onion_interference
Zot:2:    layout_onion_interference
Zot:3:    lemuel_draconian_sentries, layout_onion_interference
Zot:4:    gammafunk_dig_for_victory, layout_misc_corridors, bh_zot_ikea_curve

Skill      XL: |  1  2  3  4  5  6  7  8  9 10 11 12 13 14 15 16 17 18 19 20 21 22 23 24 25 26 27 |
---------------+----------------------------------------------------------------------------------+-----
Armour         | 4 5 6 7 8 10 11 12 13 14 15 16 17 18 19 | 19.1
Shields        | 4 5 6 7 8 9 10 12 13 14 15 16 17 18 19 20 21 22 | 22.2
Fighting       | 4 5 6 7 9 10 11 12 14 15 16 17 18 20 21 22 23 24 26 27 | 27.0
Axes           | 3 4 5 7 9 11 13 15 16 17 18 19 20 21 22 23 24 | 24.4
Throwing       | 1 2 3 4 5 6 7 8 9 11 13 14 16 | 16.6
Dodging        | 3 5 7 8 9 11 12 13 14 15 16 17 18 19 | 19.2
Evocations     | 2 4 5 6 8 9 10 11 12 13 14 15 16 | 16.7
Stealth        | 1 2 |  2.6
Crossbows      | 2 7 10 11 13 14 15 | 15.1

Action                   |  1- 3 |  4- 6 |  7- 9 | 10-12 | 13-15 | 16-18 | 19-21 | 22-24 | 25-27 || total
-------------------------+-------+-------+-------+-------+-------+-------+-------+-------+-------++-------
Melee: War axe           |    71 |    72 |       |       |       |       |       |       |       ||   143
       Headbutt          |    11 |    13 |    33 |   117 |   220 |   210 |   251 |   329 |   265 ||  1449
       Broad axe         |       |    61 |   247 |   598 |  1008 |   830 |   887 |   987 |   675 ||  5293
       Demon trident     |       |       |       |       |       |       |       |   122 |       ||   122
 Fire: Hand crossbow     |       |       |       |       |       |    86 |   351 |   298 |       ||   735
Throw: Dart              |       |    47 |    15 |       |     4 |       |       |       |       ||    66
       Stone             |       |     4 |    18 |    55 |   143 |   188 |   295 |   198 |    83 ||   984
       Boomerang         |       |       |       |       |     8 |   133 |       |     3 |     4 ||   148
       Throwing net      |       |       |       |       |       |       |     1 |     2 |       ||     3
Invok: Berserk           |       |       |     1 |     7 |    15 |     6 |     8 |     6 |     2 ||    45
       Brothers in Arms  |       |       |       |     3 |     2 |    11 |     4 |     6 |     5 ||    31
       Trog's Hand       |       |       |       |     1 |     8 |     6 |     9 |     9 |     4 ||    37
Evoke: Wand              |       |       |       |     4 |     9 |     4 |     6 |       |       ||    23
       Lightning rod     |       |       |       |     4 |     4 |       |       |       |       ||     8
       Tin of tremorston |       |       |       |     2 |     5 |     1 |     1 |     8 |       ||    17
       Phantom mirror    |       |       |       |       |       |       |       |     1 |       ||     1
       Horn of Geryon    |       |       |       |       |       |       |       |       |     1 ||     1
  Use: Scroll            |     2 |     4 |     5 |     6 |    24 |    13 |     8 |    24 |    15 ||   101
       Potion            |       |     8 |       |       |     6 |     5 |     1 |       |     2 ||    22
 Stab: Invisible         |       |     3 |       |       |       |       |       |       |       ||     3
       Distracted        |       |       |       |     1 |       |     1 |       |     1 |     1 ||     4
       Confused          |       |       |       |       |     1 |     4 |       |       |       ||     5
       Held in net/web   |       |       |       |       |       |       |     1 |       |       ||     1
  Eat: Removed food      |       |     5 |    11 |    27 |    55 |    27 |    26 |    35 |     1 ||   187
       Removed food      |       |     1 |     1 |     1 |     1 |     8 |     8 |     6 |       ||    26
Armor: Scale mail        |    33 |       |       |       |       |       |       |       |       ||    33
       Plate armour      |    14 |   121 |     5 |       |       |       |       |       |       ||   140
       Crystal plate arm |       |       |   156 |   338 |   554 |   400 |   416 |   386 |   114 ||  2364
       Gold dragon scale |       |       |       |       |       |       |       |       |    97 ||    97
Dodge: Dodged            |    19 |    21 |    28 |    71 |   201 |   156 |   178 |   339 |   360 ||  1373
Block: Kite shield       |    39 |    78 |   157 |   364 |   649 |   243 |       |       |   325 ||  1855
       Reflection        |       |       |       |       |    23 |    24 |       |       |       ||    47
       Tower shield      |       |       |       |       |       |   489 |   929 |   982 |   337 ||  2737

Table legend: (Time is in decaauts)
 A = Elapsed time spent in this place.
 B = Non-inter-level travel time spent in this place.
 C = Inter-level travel time spent in this place.
 D = Time resting spent in this place.
 E = Time spent auto-exploring this place.
 F = Levels seen in this place.
 G = Mean time per level.
                   A        B        C        D        E       F      G
               +--------+--------+--------+--------+--------+-----+--------+
         Total |  72542 |  66757 |   5785 |   6807 |  45225 |  56 | 1295.4 |
       Dungeon |  16112 |  14422 |   1690 |    665 |  10656 |  15 | 1074.1 |
        Temple |    168 |    168 |      0 |      0 |     83 |   1 |  168.0 |
          Lair |   7479 |   6655 |    824 |    233 |   5269 |   6 | 1246.5 |
         Swamp |   4859 |   4357 |    502 |    218 |   3258 |   4 | 1214.8 |
     Snake Pit |   6429 |   6064 |    365 |    885 |   3899 |   4 | 1607.2 |
  Orcish Mines |   2837 |   2257 |    580 |      0 |   1611 |   2 | 1418.5 |
   Elven Halls |   4489 |   4183 |    306 |    325 |   2750 |   3 | 1496.3 |
        Vaults |  10353 |   9665 |    688 |    777 |   7047 |   5 | 2070.6 |
         Crypt |   5647 |   5379 |    268 |   1506 |   2855 |   3 | 1882.3 |
        Depths |  10144 |   9635 |    509 |    950 |   6526 |   5 | 2028.8 |
          Hell |    439 |    421 |     18 |      1 |    147 |   1 |  439.0 |
           Zot |   1931 |   1899 |     32 |    387 |   1030 |   4 |  482.8 |
         Abyss |    171 |    171 |      0 |      0 |     24 |   1 |  171.0 |
      Ice Cave |   1186 |   1186 |      0 |    678 |     67 |   1 | 1186.0 |
       Volcano |    291 |    291 |      0 |    179 |      0 |   1 |  291.0 |
               +--------+--------+--------+--------+--------+-----+--------+

Top non-repeatable levels by time:
   Zot:2: 803 daAuts
   Zot:1: 464 daAuts
   Zot:4: 393 daAuts
   Zot:3: 270 daAuts
Depths:1: 45 daAuts
Depths:5: 37 daAuts
    Hell: 23 daAuts
Depths:4: 17 daAuts
Depths:3: 7 daAuts
Depths:2: 3 daAuts
Note: time per level data comes from an upgraded game and may be incomplete.
